 Dungeon Crawl Stone Soup version 0.28-a0-1616-g050a50673c (webtiles) character file.

Game seed: 10835627377711845457

188 anonymouscript the Sneak (level 5, -2/26 HPs)
             Began as a Spriggan Brigand on Jan 23, 2022.
             Was an Elder of Ignis.
             Slain by a gnoll (4 damage)
             ... on level 4 of the Dungeon.
             The game lasted 00:16:06 (3040 turns).

anonymouscript the Sneak (Spriggan Brigand)         Turns: 3040, Time: 00:16:07

Health: -2/26      AC:  3    Str:  7    XL:     5   Next: 39%
Magic:  6/6        EV: 17    Int: 13    God:    Ignis [****..]
Gold:   97         SH:  0    Dex: 18    Spells: 4/4 levels left

rFire   + . .      SeeInvis +   l - +6 dagger (holy)
rCold   . . .      Faith    .   (no shield)
rNeg    . . .      Spirit   .   b - +0 robe
rPois   .          Reflect  .   (helmet restricted)
rElec   .          Harm     .   c - +0 cloak
rCorr   .          Rampage  .   (gloves unavailable)
Will    .....                   (boots unavailable)
Stlth   ++++......              (no amulet)
HPRegen 0.08/turn               (no ring)
MPRegen 0.10/turn               (no ring)

@: very quick
A: very small, no large weapons, unfitting armour, see invisible, speed 3
a: Renounce Religion, Fiery Armour, Foxfire Swarm, Rising Flame


You were on level 4 of the Dungeon.
You worshipped Ignis.
Ignis was greatly pleased with you.
You visited 2 branches of the dungeon, and saw 5 of its levels.

You collected 97 gold pieces.

Inventory:

Hand Weapons
 a - a +2 dagger
 i - a +0 vampiric dagger
 l - a +6 dagger of holy wrath (weapon)
Missiles
 d - a poisoned dart (quivered)
Armour
 b - a +0 robe (worn)
 c - a +0 cloak (worn)
 j - a +0 ring mail
 n - a +0 cloak
Wands
 h - a wand of iceblast (4)
Scrolls
 f - a scroll of torment {unknown}
 g - 3 scrolls of vulnerability {unknown}


   Skills:
 + Level 2.1 Fighting
 + Level 3.4 Short Blades
 + Level 3.3 Throwing
 + Level 2.4 Dodging
 + Level 7.6 Stealth


You had 4 spell levels left.
You didn't know any spells.
Your spell library contained the following spells:

 Spells                   Type           Power      Damage    Failure   Level
 Freeze                   Ice            0%         1d3       30%         1
 Ensorcelled Hibernation  Hex/Ice        0%         N/A       43%         2
 Passwall                 Tmut/Erth      0%         N/A       43%         2
 Frozen Ramparts          Ice            0%         1d2       67%         3
 Ignite Poison            Fire/Tmut/Pois 0%         N/A       67%         3
 Mephitic Cloud           Conj/Pois/Air  0%         N/A       67%         3
 Swiftness                Air            0%         N/A       67%         3
 Hailstorm                Conj/Ice       0%         3d3       97%         4
 Freezing Cloud           Conj/Ice/Air   0%         6-21      100%        5


Dungeon Overview and Level Annotations

Branches:
Dungeon (4/15)             Temple (1/1) D:4

Altars:
Ignis

Annotations:
D:4 Blork the orc


Innate Abilities, Weirdness & Mutations

You are very small and have problems with some larger weapons.
You are too small for most types of armour.
You have supernaturally acute eyesight. (SInv)
You cover ground extremely quickly. (Speed+++)


Message History

The gnoll is severely wounded.
The gnoll completely misses you.
You hit the gnoll.
The gnoll is almost dead.
The gnoll completely misses you.
You hit the gnoll.
You kill the gnoll!
You start resting.
A gnoll is nearby!
Throw: 2 darts (poison)
Press: ? - help, Q - select action, (/) - cycle Shift-Dir - straight line, f - gnoll
Aim: a gnoll, wielding a +0 spear (wandering, hasn't noticed you, 66% to hit)
You throw a poisoned dart. The poisoned dart hits the gnoll!
The gnoll is poisoned.
The gnoll shouts!
You hear a shout!
Throw: dart (poison)
Press: ? - help, Q - select action, (/) - cycle Shift-Dir - straight line, f/p - gnoll
Aim: a gnoll, wielding a +0 spear (very poisoned, 66% to hit)
You throw a poisoned dart. The poisoned dart hits the gnoll.
The gnoll looks even sicker.
Throw: dart (curare)
Press: ? - help, Q - select action, (/) - cycle Shift-Dir - straight line, f/p - gnoll
Aim: a gnoll, wielding a +0 spear (very poisoned, 66% to hit)
You throw a curare-tipped dart. The curare-tipped dart hits the gnoll.
The gnoll looks as sick as possible!
The gnoll convulses.
The gnoll seems to slow down.
The gnoll is severely wounded.
You kill the gnoll!
Things that are here:
a +0 club; a gnoll corpse
Things that are here:
a +0 spear; a poisoned dart The gnoll shouts!
You see here a poisoned dart.
d - a poisoned dart The gnoll hits you with a +0 flail!
* * * LOW HITPOINT WARNING * * *
The gnoll hits you with a +0 club.
You die...

### ### #.# #.# #.#
###.# #.# #...# #.#
######.#.#
#####.###........#
#.....g...####...###
'...........##..@..##
#####.##..#.....g...#
####..##..#.###.g#)##
...#..##......#..#.#
...#........#...##.#
..............####)#
..............# #.#
#.#...........# ###
#.#.........).#


You could see 2 gnolls.

Vanquished Creatures
  A howler monkey (D:4)
  Terence (D:3)
  A hound skeleton (D:4)
  2 adders
  2 gnolls (D:4)
  An ufetubus (D:4)
  2 worms
  A dart slug (D:3)
  An orc (D:3)
  5 endoplasms
  A giant cockroach (D:3)
  3 goblins
  7 hobgoblins
  3 jackals (D:3)
  7 quokkas
  4 ball pythons
  A bat (D:1)
  A frilled lizard (D:2)
  8 kobolds
  9 rats
61 creatures vanquished.

Vanquished Creatures (others)
  10 foxfires (D:4)
  3 fungi (D:3)
  5 plants (D:3)
18 creatures vanquished.

Grand Total: 79 creatures vanquished

Notes
Turn   | Place    | Note
-------+----------+-------------------------------------------
     0 | D:1      | anonymouscript the Spriggan Brigand began the quest for the
                  | Orb.
     0 | D:1      | Reached XP level 1. HP: 10/10 MP: 2/2
    94 | D:1      | Reached skill level 6 in Stealth
   334 | D:1      | Reached XP level 2. HP: 14/14 MP: 3/3
  1300 | D:3      | Reached XP level 3. HP: 18/18 MP: 4/4
  1445 | D:3      | Found a faded altar of an unknown god.
  1483 | D:3      | Prayed at the altar of an unknown god.
  1483 | D:3      | Became a worshipper of Ignis, the Dying Flame
  1964 | D:3      | Noticed Terence
  1972 | D:3      | Killed Terence
  1973 | D:3      | Reached XP level 4. HP: 23/23 MP: 5/5
  2281 | D:4      | Noticed Blork the orc
  2361 | D:4      | Found a staircase to the Ecumenical Temple.
  2485 | Temple   | Entered the Ecumenical Temple
  2559 | D:4      | Reached skill level 7 in Stealth
  2927 | D:4      | Reached XP level 5. HP: 20/26 MP: 6/6
  3040 | D:4      | Slain by a gnoll

Illustrated notes

Levels and vault maps discovered:
D:1:      matt_arrival_grand_opening, layout_rooms,
          minmay_misc_feat_more_columns
D:2:      layout_basic, lemuel_another_geyser
D:3:      layout_loops_ring, dreamdust_ecumenical_altar_grove, uniq_terence
D:4:      layout_basic, minmay_temple_entry_butterflies, kennysheep_path_1,
          st_stairs_12, uniq_menkaure, uniq_blork_the_orc
Temple:   mainiacjoe_temple_trianglar_array

Skill      XL: |  1  2  3  4 |
---------------+-------------+-----
Stealth        | 6 7 |  7.6
Throwing       | 3 |  3.3
Dodging        | 2 |  2.4
Short Blades   | 3 |  3.4
Fighting       | 2 |  2.1

Action                   |  1- 3 |  4- 6 || total
-------------------------+-------+-------++-------
Melee: Dagger            |    74 |    67 ||   141
       Punch             |     1 |     2 ||     3
Throw: Dart              |    36 |    14 ||    50
Invok: Fiery Armour      |     1 |       ||     1
       Foxfire Swarm     |       |     1 ||     1
  Use: Scroll            |     4 |     2 ||     6
       Potion            |       |     2 ||     2
 Stab: Sleeping          |    10 |     4 ||    14
Armor: Robe              |     5 |     8 ||    13
Dodge: Dodged            |    42 |    58 ||   100

Table legend: (Time is in decaauts)
 A = Elapsed time spent in this place.
 B = Non-inter-level travel time spent in this place.
 C = Inter-level travel time spent in this place.
 D = Time resting spent in this place.
 E = Time spent auto-exploring this place.
 F = Levels seen in this place.
 G = Mean time per level.
                   A        B        C        D        E       F      G
               +--------+--------+--------+--------+--------+-----+--------+
         Total |   2237 |   2175 |     62 |    590 |    919 |   5 |  447.4 |
       Dungeon |   2173 |   2111 |     62 |    528 |    919 |   4 |  543.2 |
        Temple |     63 |     63 |      0 |     62 |      0 |   1 |   63.0 |
               +--------+--------+--------+--------+--------+-----+--------+

Top non-repeatable levels by time:
     D:3: 760 daAuts
     D:4: 550 daAuts
     D:1: 495 daAuts
     D:2: 367 daAuts
  Temple: 63 daAuts
